 Dungeon Crawl Stone Soup version 0.22.0-49-gab54619 (webtiles) character file.

118 orange3 the Chopper (level 4, -1/42 HPs)
             Began as a Deep Dwarf Berserker on Sept 5, 2018.
             Was a Believer of Trog.
             Slain by a gnoll (2 damage)
             ... on level 2 of the Dungeon.
             The game lasted 00:04:22 (875 turns).

orange3 the Chopper (Deep Dwarf Berserker)           Turns: 875, Time: 00:04:23

Health: -1/42      AC:  5    Str: 21    XL:     4   Next: 72%
Magic:  3/3        EV: 12    Int:  8    God:    Trog [**....]
Gold:   71         SH:  0    Dex: 12    Spells: 3/3 levels left

rFire    . . .     SeeInvis .   a - +0 hand axe
rCold    . . .     Gourm    .   (no shield)
rNeg     . . .     Faith    .   i - +0 ring mail
rPois    .         Spirit   .   (no helmet)
rElec    .         Reflect  .   (no cloak)
rCorr    .         Harm     .   (no gloves)
MR       .....                  (no boots)
Stlth    +.........             (no amulet)
HPRegen  0.00/turn              (no ring)
MPRegen  0.08/turn              (no ring)

@: non-regenerating
A: damage resistance, heal wounds, sense surroundings 1, no regeneration
a: Heal Wounds, Berserk, Trog's Hand, Renounce Religion


You were on level 2 of the Dungeon.
You worshipped Trog.
Trog was pleased with you.
You were not hungry.

You visited 1 branch of the dungeon, and saw 2 of its levels.

You collected 71 gold pieces.

Inventory:

Hand Weapons
 a - a +0 hand axe (weapon)
Armour
 b - a +0 animal skin
 e - a +0 leather armour
 i - a +0 ring mail (worn)
Jewellery
 h - an uncursed ring of resist corrosion {unknown}
 k - a +2 ring of slaying {unknown}
Scrolls
 d - a scroll of fear {unknown}
 f - 4 scrolls of identify {unknown}
 g - a scroll of enchant armour {unknown}
 l - a scroll of remove curse {unknown}
Potions
 j - a potion of might {unknown}
 n - a potion of mutation {unknown}
Comestibles
 c - 6 rations
 m - 5 chunks of flesh


   Skills:
 + Level 3.5 Fighting
 + Level 4.7 Axes
 + Level 2.7 Armour
 + Level 3.0 Dodging


You had 3 spell levels left.
You didn't know any spells.
Your spell library was empty.

Dungeon Overview and Level Annotations

Branches:
Dungeon (2/15)

Altars:


Innate Abilities, Weirdness & Mutations

You are resistant to damage.
You can heal yourself by infusing magical energy.
You passively map a small area around you.
You do not regenerate.


Message History

You hit the gnoll.
You kill the gnoll!
Trog accepts your kill.
You closely miss the gnoll.
The gnoll is heavily wounded.
The gnoll barely misses you. x2
You hit the gnoll but do no damage.
The gnoll is heavily wounded.
The gnoll barely misses you. The gnoll closely misses you.
You barely miss the gnoll.
The gnoll is heavily wounded.
The gnoll hits you.
The gnoll hits you from afar with a halberd.
The gnoll hits you!
* * * LOW HITPOINT WARNING * * *
You fail to use your ability.
The gnoll hits you from afar with a halberd!
* * * LOW HITPOINT WARNING * * *
The gnoll hits you.
You die...

*..
####..#..#....###.#..####
..
####..###...>......##.....
**#.###....##
####.#..#..#######
#.....#### #.##.....#
#.....##### #.#........ *
##.##.....# #...##.......
#, ##....# *#..# #.....##
> ,
#....#####g..###....... .
, #..(..?.@gg.........###
# #......####.#....,
#.......... .. # ,
........###### .# * , ,
###.....# * * # , , ,
......## , , * .......# ,
....... * * * ,


You could see 3 gnolls.

Vanquished Creatures
  A bullfrog (D:2)
  A gnoll (D:2)
  An ooze (D:1)
  A worm (D:2)
  2 dart slugs (D:1)
  A leopard gecko (D:1)
  2 bats (D:1)
  2 giant cockroaches
  5 goblins
  2 hobgoblins
  7 jackals
  A quokka (D:2)
  2 kobolds (D:2)
  3 rats (D:1)
31 creatures vanquished.

Notes
Turn   | Place    | Note
-------+----------+-------------------------------------------
     0 | D:1      | orange3 the Deep Dwarf Berserker began the quest for the
                  | Orb.
     0 | D:1      | Reached XP level 1. HP: 20/20 MP: 1/1
    19 | D:1      | Reached XP level 2. HP: 20/27 MP: 2/2
   433 | D:1      | Reached XP level 3. HP: 33/34 MP: 2/2
   671 | D:2      | Noticed a bullfrog
   677 | D:2      | Killed a bullfrog
   677 | D:2      | Reached skill level 4 in Axes
   677 | D:2      | Reached XP level 4. HP: 41/42 MP: 3/3
   745 | D:2      | Reached ** piety under Trog
   875 | D:2      | HP: 1/42 [gnoll/halberd (9)]
   875 | D:2      | Slain by a gnoll

Skill      XL: |  1  2  3 |
---------------+----------+-----
Fighting       | 3 |  3.5
Axes           | 4 |  4.7
Dodging        | 3 |  3.0
Armour         | |  2.7

Action                   |  1- 3 |  4- 6 || total
-------------------------+-------+-------++-------
Melee: Hand axe          |    59 |    45 ||   104
 Abil: Heal Wounds       |     1 |       ||     1
Armor: Animal skin       |    12 |       ||    12
       Ring mail         |     7 |    20 ||    27
Dodge: Dodged            |    40 |    54 ||    94
